AoeStats
← Dr. Prince

Fortress

509262443Analyzed
3v3 RM · 5d ago on Sep 26, 2026· 81m 51s· 6 players
Game mode
Random Map
Map size
Large (8 player)
Population
200
Speed
Normal
Resources
Standard
Victory
Conquest
Starting age
Dark Age
Ending age
Imperial Age
RankedLock teamsTeams togetherTeam positionsShared explorationLock speedFull tech treeHidden civsTurbo modeCheats
Victory
Defeat
🇺🇸 Jurchens · United States
1096
+16
🇺🇸 Saxons · United States
1095
+16
🇺🇸 Varangians · United States
1039
+17
🇨🇦 Britons · Canada
1101
-17
🇨🇳 Ethiopians · China
1087
-16
🇦🇺 Varangians · Australia
1068
-16
Angusjack
8:59 Feudal Age
9:56 Double-Bit Axe
14:21 Castle Age
12:32 Gold Mining
12:54 Horse Collar
16:42 Bow Saw
17:10 Wheelbarrow
18:39 Heavy Plow
18:27 Town Watch
19:02 Hand Cart
18:16 Man-at-Arms
18:45 Gambesons
19:03 Squires
19:07 Scale Mail Armor
23:38 Forging
25:22 Arson
25:03 Elite Skirmisher
29:35 Imperial Age
27:06 Town Patrol
27:49 Iron Casting
27:06 Fletching
28:02 Loom
27:45 Pikeman
29:01 Caravan
29:57 Ballistics
29:24 Treadmill Crane
29:57 Fortified Wall
29:58 Masonry
29:45 Murder Holes
30:10 Chain Mail Armor
29:51 Bodkin Arrow
29:56 Padded Archer Armor
29:59 Stone Mining
29:52 Elite Varangian Guard
30:21 Gothikon
31:26 Conscription
33:06 Blast Furnace
32:37 Plate Mail Armor
32:09 Bracer
32:25 Leather Archer Armor
33:20 Chemistry
32:41 Guilds
33:44 Two-Man Saw
33:22 Crop Rotation
32:32 Halberdier
52:58 Crossbowman
53:00 Cranequins
54:28 Ring Archer Armor
54:04 Scale Barding Armor
54:24 Heavy Mounted Crossbowman
56:37 Chain Barding Armor
63:08 Plate Barding Armor
Hungry Hippo
1:42 Loom
8:31 Feudal Age
11:21 Double-Bit Axe
13:51 Castle Age
11:33 Horse Collar
15:59 Bow Saw
16:08 Fletching
16:19 Padded Archer Armor
19:53 Heavy Plow
24:17 Leather Archer Armor
23:58 Bodkin Arrow
24:13 Forging
24:04 Scale Mail Armor
26:17 Gold Mining
26:18 Stone Mining
30:00 Imperial Age
28:07 Wheelbarrow
27:18 Town Watch
27:15 Pikeman
28:55 Squires
29:14 Chain Mail Armor
29:34 Iron Casting
29:54 Ballistics
29:46 Fortified Wall
29:32 Murder Holes
31:56 Gold Shaft Mining
31:53 Ring Archer Armor
31:24 Bracer
32:52 Chemistry
33:08 Halberdier
33:59 Elite Longbowman
35:46 Plate Mail Armor
36:17 Blast Furnace
36:22 Town Patrol
37:47 Conscription
38:24 Hoardings
43:48 Masonry
43:18 Treadmill Crane
44:00 Caravan
48:53 Scale Barding Armor
49:16 Husbandry
48:37 Light Cavalry
52:13 Chain Barding Armor
53:03 Onager
56:13 Hand Cart
啵啵鱼
7:03 Feudal Age
10:10 Double-Bit Axe
13:41 Castle Age
12:05 Horse Collar
14:30 Loom
15:13 Bow Saw
15:32 Heavy Plow
16:30 Town Watch
17:20 Wheelbarrow
17:48 Forging
17:38 Scale Mail Armor
17:42 Squires
17:27 Arson
17:52 Gold Mining
23:06 Iron Casting
23:36 Hand Cart
26:21 Chain Mail Armor
27:16 Town Patrol
28:33 Crossbowman
29:20 Thumb Ring
30:30 Fletching
35:01 Imperial Age
33:16 Gold Shaft Mining
33:09 Royal Heirs
34:13 Stone Mining
36:43 Conscription
37:08 Bodkin Arrow
37:13 Padded Archer Armor
38:42 Two-Man Saw
38:38 Stone Shaft Mining
39:21 Chemistry
37:44 Capped Ram
37:56 Arbalester
39:29 Masonry
43:24 Architecture
43:18 Ballistics
43:29 Architecture
47:55 Guilds
52:31 Blast Furnace
52:01 Plate Mail Armor
51:34 Bracer
51:49 Leather Archer Armor
51:58 Elite Shotel Warrior
52:59 Conscription
52:37 Siege Ram
61:21 Siege Ram
62:09 Halberdier
Gun
1:08 Loom
8:25 Feudal Age
9:58 Double-Bit Axe
13:16 Castle Age
11:53 Forging
11:47 Horse Collar
13:16 Scale Barding Armor
13:13 Padded Archer Armor
16:01 Wheelbarrow
16:39 Bloodlines
18:16 Fletching
21:57 Stone Mining
21:59 Gold Mining
23:31 Hand Cart
24:03 Murder Holes
26:44 Ballistics
27:37 Chain Barding Armor
27:22 Husbandry
28:43 Town Watch
29:13 Bodkin Arrow
30:41 Caravan
32:07 Bow Saw
32:06 Elite Skirmisher
35:19 Imperial Age
35:29 Elite Jarl
37:43 Iron Casting
37:43 Plate Barding Armor
37:09 Bracer
37:24 Leather Archer Armor
40:50 Cavalier
42:22 Scale Mail Armor
43:25 Blast Furnace
43:28 Light Cavalry
47:58 Chemistry
46:22 Hussar
51:30 Ring Archer Armor
73:33 Spies/Treason
Grog Father
7:53 Feudal Age
11:21 Castle Age
9:08 Horse Collar
9:39 Gold Mining
9:42 Double-Bit Axe
9:56 Gold Mining
13:15 Bow Saw
14:34 Wheelbarrow
14:54 Gold Shaft Mining
15:58 Heavy Plow
17:25 Stone Mining
19:56 Hand Cart
19:58 Scale Mail Armor
21:47 Squires
21:34 Arson
24:07 Scale Mail Armor
24:18 Forging
26:46 Imperial Age
25:21 Chain Mail Armor
27:41 Iron Casting
27:14 Gambesons
28:04 Plate Mail Armor
28:35 Elite Varangian Guard
31:05 Two-Man Saw
30:35 Shield Wall
35:23 Elite Hearth Troop
37:52 Chemistry
36:58 Siege Engineers
36:42 Man-at-Arms
39:39 Long Swordsman
40:58 Two-Handed Swordsman
41:54 Champion
47:19 Elite Skirmisher
69:10 Coinage
69:29 Spies/Treason
70:54 Onager
Dr. Prince
6:06 Loom
7:52 Feudal Age
11:54 Double-Bit Axe
14:13 Castle Age
13:15 Scale Barding Armor
13:01 Horse Collar
13:15 Gold Mining
13:18 Stone Mining
13:51 Fletching
15:03 Bloodlines
14:50 Elite Skirmisher
18:46 Elite Skirmisher
22:02 Bodkin Arrow
22:21 Town Watch
23:44 Wheelbarrow
25:41 Bow Saw
26:11 Chain Barding Armor
26:57 Ballistics
26:49 Masonry
28:47 Husbandry
29:31 Heavy Plow
33:03 Imperial Age
31:41 Gold Shaft Mining
31:14 Padded Archer Armor
32:08 Murder Holes
32:43 Hand Cart
33:03 Town Patrol
35:10 Chemistry
34:27 Leather Archer Armor
34:30 Bracer
34:40 Elite Iron Pagoda
36:04 Plate Barding Armor
35:51 Forging
35:58 Leather Archer Armor
37:24 Conscription
36:28 Light Cavalry
37:37 Caravan
39:24 Hoardings
38:51 Fortified Bastions
40:01 Siege Engineers
40:26 Architecture
40:54 Hussar
45:28 Capped Ram
46:08 Siege Ram
55:35 Two-Man Saw
58:45 Iron Casting
58:23 Scale Mail Armor
59:01 Ring Archer Armor
64:50 Scale Mail Armor
65:53 Blast Furnace
70:24 Crop Rotation
73:58 Guilds
73:33 Treadmill Crane
74:04 Fortified Wall
74:07 Spies/Treason
75:32 Thunderclap Bombs
74:45 Heavy Rocket Cart
74:45 Heavy Scorpion
74:48 Heavy Cavalry Archer
74:48 Crossbowman
74:51 Elite Steppe Lancer
74:53 Man-at-Arms
74:54 Pikeman
74:54 Elite Fire Lancer
75:20 Arson
75:35 Squires
75:21 Gambesons
75:30 Guard Tower
75:26 Arrowslits
75:44 Scale Mail Armor
76:16 Coinage
Connection lost

Rejoining the realm…

Still unreachable

The connection could not be restored.

Session expired

The server has moved on; the page needs a fresh start.